Match 46250327
Unlisted

Match 46250327
End
Engineer Squad
Construct Barracks
1⁄4-ton 4x4 Truck
Selects Airborne Battlegroup
Selects Heavy Machine Gun Paradrop
Heavy Machine Gun Paradrop
Selects Paratrooper Squad Paradrop
Paratrooper Squad Paradrop
1⁄4-ton 4x4 Truck
Heavy Machine Gun Paradrop
Paratrooper Squad Paradrop
Mechanized Support Center
Selects Anti-tank Gun Team Paradrop
Anti-tank Gun Team Paradrop
Selects Recon Loiter
Construct Tank Depot
Paratrooper Squad Paradrop
M4A1 Sherman Medium Tank
Recon Loiter
Selects Supply Drop
M4A1 Sherman Medium Tank
Improvised Armor
Recon Loiter
Supply Drop
Selects Carpet Bombing Run
Recon Loiter
Carpet Bombing Run
Designate Forward Repair Station
Supply Drop
Carpet Bombing Run
M4A1 Sherman Medium Tank
Paratrooper Squad Paradrop
Esxile
MähnGiL
[TGR] ImperialGuard
Safety First
0
0

Comments sign in to comment!

No comments posted yet!